 Dungeon Crawl Stone Soup version 0.31-a0-344-gd109795599 (webtiles) character file.

Game seed: 15481845301278164281

6470 Pooter the Cleaver (level 10, -4/136 HPs)
             Began as a Minotaur Berserker on July 22, 2023.
             Was a Priest of Trog.
             Slain by an orc warrior
             ... wielding a +0 war axe
              (15 damage)
             ... in a bailey.
             The game lasted 00:37:14 (8755 turns).

Pooter the Cleaver (Minotaur Berserker)             Turns: 8755, Time: 00:37:14

Health: -4/136     AC: 14    Str: 26    XL:     10   Next: 68%
Magic:  9/9        EV:  7    Int:  4    God:    Trog [***...]
Gold:   103        SH:  0    Dex: 10    Spells: 9/9 levels left

rFire   . . .        G - +1 flail (heavy)
rCold   . . .        (no shield)
rNeg    . . .        o - +3 plate armour
rPois   .            y - +0 hat
rElec   .            D - scarf {harm}
rCorr   .            (no gloves)
SInv    .            (no boots)
Will    ++...        (no amulet) Stlth
                     (no ring)
HPRegen 1.42/turn    (no ring)
MPRegen 0.11/turn

%: harm (+30% outgoing, +20% incoming)
@: mighty, berserking, strong-willed, regenerating, very quick
A: horns 2, retaliatory headbutt
a: Renounce Religion, Berserk, Trog's Hand


You were in a bailey.
You worshipped Trog.
Trog was most pleased with you.
You visited 1 branch of the dungeon, and saw 9 of its levels.
You also visited: Bailey.

You collected 454 gold pieces.
You spent 351 gold pieces at shops.

Inventory:

Hand Weapons
 a - a +3 morningstar of flaming
   (You took it off Maggie on level 6 of the Dungeon)
 b - a +0 orcbow
   (You took it off a centaur on level 7 of the Dungeon)
 i - a +0 war axe
   (You took it off a hobgoblin in a bailey)
 w - a +1 flail of holy wrath
   (You took it off a gnoll on level 5 of the Dungeon)
 E - a +0 hand axe of venom
   (You took it off an orc on level 5 of the Dungeon)
 G - a +1 heavy flail (weapon)
   (You took it off Edmund on level 6 of the Dungeon)
Missiles
 j - 19 poisoned darts (quivered)
 x - a throwing net {!f}
 A - 3 boomerangs
 Q - 133 stones
Armour
 g - a scarf of shadows
   (You found it on level 1 of the Dungeon)
 o - a +3 plate armour (worn)
   (You found it on level 3 of the Dungeon)
 y - a +0 hat (worn)
   (You took it off Gastronok on level 8 of the Dungeon)
 D - a scarf of harm (worn)
   (You found it on level 4 of the Dungeon)
 F - +2 acid dragon scales
   (You took it off Maggie on level 6 of the Dungeon)
Wands
 f - a wand of flame (27)
   (You took it off Sigmund on level 5 of the Dungeon)
 u - a wand of paralysis (12)
   (You found it on level 6 of the Dungeon)
Scrolls
 d - a scroll of butterflies
 n - a scroll of blinking
 s - 2 scrolls of silence
 t - a scroll of teleportation {@r4}
 v - 3 scrolls of immolation {!r}
 C - a scroll of enchant weapon
Potions
 c - 2 potions of curing {@q1}
 e - 2 potions of attraction {!q}
 h - a potion of resistance {unknown}
 k - 2 potions of brilliance {unknown}
 l - 3 potions of invisibility
 m - 2 potions of enlightenment {unknown}
 p - 3 potions of might
 q - 2 potions of cancellation {unknown}
 r - a potion of haste {unknown}
 z - 2 potions of ambrosia {unknown}
 B - a potion of berserk rage {unknown}
 H - a potion of mutation {!q}


   Skills:
 + Level 9.1 Fighting
 * Level 12.4(12.8) Axes
 + Level 4.9(9.4) Maces & Flails
 * Level 10.8 Ranged Weapons
 - Level 2.4 Armour
 - Level 2.1 Dodging


You had 9 spell levels left.
You didn't know any spells.
Your spell library was empty.

Dungeon Overview and Level Annotations

Branches:
Dungeon (9/15) Zot: 26947  Temple (0/1) D:7          Bailey (1/1) Zot: 5606
   Lair: D:8-11         Orc: D:9-12

Altars:
Cheibriados
Fedhas
Gozag
Qazlal
Sif Muna
Vehumet
Yredelemnul

Shops:
D:3 !   D:6 :


Innate Abilities, Weirdness & Mutations

You have a pair of horns on your head.
You reflexively headbutt those who attack you in melee.


Message History

You kill the hobgoblin!
Trog accepts your kill.
You sock the gnoll!
You kill the gnoll!
Trog accepts your kill.
Found six items.
Found a gate leading back out of this place.
The orc warrior barely misses you.
There is an open door, spattered with blood here.
Items here: ))) [[[.
You bludgeon the goblin!!
You kill the goblin!
Trog accepts your kill.
The orc knight hits you with a +0 war axe!
The orc warrior hits you with a +0 war axe!
You closely miss the orc knight. Your headbutt misses the orc knight.
The orc warrior hits you with a +0 war axe.
The orc knight closely misses you.
The orc warrior hits you but does no damage.
The orc warrior barely misses you. You furiously retaliate!
You headbutt the orc warrior!
The orc warrior hits you with a +0 war axe.
The orc knight roars a battlecry!
The orc warriors go into a battle-frenzy!
You barely miss the orc knight. You headbutt the orc knight!
The orc warrior hits you but does no damage.
The orc knight curses loudly, as Orcs often do.
The orc knight hits you with a +0 war axe!
* * * LOW HITPOINT WARNING * * *
The orc warrior hits you with a +0 war axe!
* * * LOW HITPOINT WARNING * * *
A red film seems to cover your vision as you go berserk!
You feel yourself moving faster!
You feel mighty!
The orc warrior hits you with a +0 war axe.
* * * LOW HITPOINT WARNING * * *
The orc knight barely misses you.
The orc warrior hits you but does no damage.
You thump the orc knight!
The orc warrior hits you with a +0 war axe!
* * * LOW HITPOINT WARNING * * *
The orc knight closely misses you. You furiously retaliate!
You headbutt the orc knight!
The orc warrior hits you with a +0 war axe!
* * * LOW HITPOINT WARNING * * *
You bludgeon the orc knight!!
You feel the power of Trog in you as your rage grows.
You kill the orc knight!
Trog accepts your kill.
The orc warrior hits you with a +0 war axe!
You die...

## # #8........!? #
#8.........? #
+.....⌠....∩ #
8.........! #
........!! ## ###
.......!# .###
###.###)o...#
...### ###.....#@#
.....###.......o.##
......#...........#
......#...........#
⌠.....#.....⌠.....#
.....)))..........#
......#...........#
.....###.........##
...### ###.....###


You could see 2 orc warriors.

Vanquished Creatures
  Gastronok (D:8)
  A two-headed ogre (D:8)
  Pikel (D:8)
  An orc knight (Bailey)
  Joseph (D:7)
  Maggie (D:6)
  Grinder (D:3)
  Prince Ribbit (D:5)
  Sigmund (D:5)
  A wyvern (D:7)
  Edmund (D:6)
  An ice beast (D:7)
  5 orc warriors
  3 ogres
  A sky beast (D:7)
  2 centaurs
  2 phantoms
  A kobold brigand (D:8)
  A bullfrog (D:8)
  4 scorpions
  3 wights (D:7)
  10 killer bees
  A vampire bat (D:7)
  4 howler monkeys
  A hound (D:5)
  A sleepcap (D:4)
  3 iguanas
  A scorpion zombie (D:3)
  Natasha (thrice) (D:3)
  5 orc wizards
  12 gnolls
  7 adders
  A shadow imp (D:5)
  4 white imps
  A dart slug (D:3)
  21 orcs
  11 bats
  9 endoplasms
  11 goblins
  16 hobgoblins
  12 jackals
  8 kobolds
  5 quokkas
  2 training dummies (D:6)
  3 ball pythons
  2 ball python zombies (D:3)
  5 frilled lizards
  A jackal zombie (D:3)
  7 rats
201 creatures vanquished.

Notes
Turn   | Place    | Note
-------+----------+-------------------------------------------
     0 | D:1      | Pooter the Minotaur Berserker began the quest for the Orb.
     0 | D:1      | Reached XP level 1. HP: 19/19 MP: 0/0
    78 | D:1      | Reached skill level 1 in Ranged Weapons
    88 | D:1      | Reached XP level 2. HP: 27/27 MP: 1/1
    94 | D:1      | Reached skill level 4 in Axes
  1039 | D:2      | Reached ** piety under Trog
  1045 | D:2      | Reached XP level 3. HP: 33/33 MP: 2/2
  1193 | D:2      | Reached XP level 4. HP: 16/40 MP: 3/3
  1694 | D:3      | Noticed Grinder
  1704 | D:3      | Killed Grinder
  1705 | D:3      | Reached skill level 6 in Axes
  1705 | D:3      | Reached XP level 5. HP: 47/47 MP: 4/4
  1705 | D:3      | Reached XP level 6. HP: 55/55 MP: 5/5
  1834 | D:3      | Reached skill level 5 in Fighting
  1870 | D:3      | Found Ceophasm's Distillery.
  1915 | D:3      | Bought a potion of curing for 39 gold pieces
  1915 | D:3      | Bought a potion of might for 52 gold pieces
  1915 | D:3      | Bought a potion of degeneration for 13 gold pieces
  2033 | D:3      | Found a basalt altar of Yredelemnul.
  2112 | D:3      | Found a stormy altar of Qazlal.
  2112 | D:3      | Found a snail-covered altar of Cheibriados.
  2117 | D:3      | Noticed Natasha
  2120 | D:3      | Found a radiant altar of Vehumet.
  2124 | D:3      | Killed Natasha
  2237 | D:3      | Noticed Natasha
  2250 | D:3      | Killed Natasha
  3322 | D:4      | Reached *** piety under Trog
  3425 | D:5      | Entered Level 5 of the Dungeon
  3446 | D:5      | Reached skill level 5 in Ranged Weapons
  3446 | D:5      | Reached XP level 7. HP: 61/61 MP: 6/6
  3569 | D:5      | Reached skill level 7 in Axes
  3610 | D:5      | Identified the +6 dagger "Ogre's Funeral" {pain, rPois
                  | Will+}
  3855 | D:3      | Bought a potion of might for 52 gold pieces
  3855 | D:3      | Bought a potion of might for 52 gold pieces
  3859 | D:3      | Noticed Natasha
  3864 | D:3      | Killed Natasha
  3918 | D:5      | Reached skill level 8 in Axes
  3918 | D:5      | Reached XP level 8. HP: 49/70 MP: 7/7
  4033 | D:5      | Noticed Sigmund
  4037 | D:5      | Killed Sigmund
  4337 | D:5      | Noticed Prince Ribbit
  4343 | D:5      | Killed Prince Ribbit
  4547 | D:6      | Noticed Edmund
  4558 | D:6      | Killed Edmund
  4559 | D:6      | Reached skill level 9 in Axes
  4742 | D:6      | Found a blossoming altar of Fedhas.
  5008 | D:6      | Noticed Maggie
  5021 | D:6      | Killed Maggie
  5026 | D:6      | Reached XP level 9. HP: 79/79 MP: 8/8
  5092 | D:6      | Found Onoava's Vocational Training.
  5298 | D:7      | Noticed Joseph
  5307 | D:7      | Reached skill level 10 in Axes
  5419 | D:7      | Reached skill level 1 in Maces & Flails
  5564 | D:7      | Killed Joseph
  5703 | D:7      | Found a staircase to the Ecumenical Temple.
  6019 | D:7      | Reached skill level 11 in Axes
  6118 | D:7      | Found an opulent altar of Gozag.
  7094 | D:8      | Reached XP level 10. HP: 81/89 MP: 9/9
  7099 | D:8      | Noticed a two-headed ogre
  7112 | D:8      | Killed a two-headed ogre
  7113 | D:8      | Reached skill level 10 in Ranged Weapons
  7651 | D:3      | Bought a potion of mutation for 104 gold pieces
  7651 | D:3      | Bought a potion of attraction for 39 gold pieces
  7787 | D:8      | Noticed Pikel
  7792 | D:8      | Killed Pikel
  7979 | D:8      | Found a shimmering blue altar of Sif Muna.
  8052 | D:8      | Noticed Gastronok
  8059 | D:8      | Killed Gastronok
  8060 | D:8      | Reached skill level 12 in Axes
  8368 | D:9      | Found a flagged portal.
  8377 | Bailey   | Entered a bailey
  8740 | Bailey   | Noticed an orc knight
  8755 | Bailey   | Killed an orc knight
  8755 | Bailey   | Slain by an orc warrior

Illustrated notes

Levels and vault maps discovered:
D:1:      wander_arrival_abandoned_jail, layout_basic, minmay_misc_feat_tiny,
          amcnicky_mini_rare_corridor_liquid
D:2:      layout_loops_ring, serial_forest, infiniplex_forest_clump_cross,
          infiniplex_forest_end_3, infiniplex_forest_zigzag_1,
          infiniplex_forest_clump_small, infiniplex_forest_lined_room_,
          grunt_ministairs_1
D:3:      layout_rooms, gammafunk_temple_overflow_forgotten,
          nicolae_yredelemnul_corpse_copse, serial_shops, nicolae_shop_stone,
          uniq_natasha, uniq_grinder
D:4:      layout_gridville
D:5:      layout_basic, uniq_prince_ribbit1, uniq_sigmund
D:6:      dreamdust_elfheim, layout_loops_cross, fedhas_altar_1,
          nicolae_shop_vocational, uniq_edmund, uniq_maggie
D:7:      layout_loops_ring, kennysheep_little_box,
          minmay_temple_entry_crystal_x, serial_rivers,
          chequers_serial_rivers_large_a, chequers_serial_rivers_room_a,
          chequers_serial_rivers_room_a, chequers_serial_rivers_micro_a,
          chequers_serial_rivers_micro_d, kennysheep_another_room,
          roderic_batcave, uniq_joseph
D:8:      layout_basic, mainiacjoe_overflow_alcove_2, uniq_pikel, uniq_gastronok
D:9:      layout_grid_maze, bloody_trog, enter_bailey_8,
          hellmonk_guarded_unrand_dark_maul
Bailey:   bailey_axe_minmay_hex_keep, bailey

Skill      XL: |  1  2  3  4  5  6  7  8  9 10 |
---------------+-------------------------------+-----
Ranged Weapons | 1 2 4 5 6 8 9 10 | 10.8
Axes           | 4 6 8 9 11 12 | 12.4
Fighting       | 4 5 6 7 8 9 |  9.1
Maces & Flails | 3 4 |  4.9
Armour         | |  2.4
Dodging        | |  2.1

Action                     |  1- 3 |  4- 6 |  7- 9 | 10-12 || total
---------------------------+-------+-------+-------+-------++-------
  Melee: Hand axe          |    45 |   113 |   108 |       ||   266
         Headbutt          |     5 |    17 |    27 |     5 ||    54
         Punch             |     2 |     3 |     1 |     1 ||     7
         Morningstar       |       |       |    55 |    57 ||   112
         Flail             |       |       |       |     7 ||     7
   Fire: Sling             |    26 |    39 |     6 |       ||    71
         Orcbow            |       |       |    31 |    19 ||    50
  Throw: Dart              |       |     3 |    11 |     5 ||    19
         Boomerang         |       |       |     3 |       ||     3
 Invoke: Berserk           |       |     2 |    13 |     6 ||    21
         Trog's Hand       |       |     1 |     7 |     3 ||    11
  Evoke: Wand              |       |       |     8 |       ||     8
    Use: Scroll            |       |     3 |    12 |     1 ||    16
         Potion            |       |       |       |     1 ||     1
 Armour: Ring mail         |    17 |    10 |       |       ||    27
         Animal skin       |     1 |       |       |       ||     1
         Plate armour      |       |    37 |    92 |    45 ||   174
  Dodge: Dodged            |    31 |    66 |    60 |    34 ||   191

Table legend: (Time is in decaauts)
 A = Elapsed time spent in this place.
 B = Non-inter-level travel time spent in this place.
 C = Inter-level travel time spent in this place.
 D = Time resting spent in this place.
 E = Time spent auto-exploring this place.
 F = Levels seen in this place.
 G = Mean time per level.
                   A        B        C        D        E       F      G
               +--------+--------+--------+--------+--------+-----+--------+
         Total |   8994 |   8530 |    464 |   2444 |   4619 |  10 |  899.4 |
       Dungeon |   8602 |   8138 |    464 |   2190 |   4619 |   9 |  955.8 |
        Bailey |    392 |    392 |      0 |    254 |      0 |   1 |  392.0 |
               +--------+--------+--------+--------+--------+-----+--------+

Top non-repeatable levels by time:
     D:7: 1627 daAuts
     D:8: 1379 daAuts
     D:3: 1126 daAuts
     D:5: 1046 daAuts
     D:6: 886 daAuts
     D:1: 845 daAuts
     D:2: 844 daAuts
     D:4: 792 daAuts
  Bailey: 392 daAuts
     D:9: 52 daAuts
